 Dungeon Crawl Stone Soup version 0.24-a0-10-gb84795d (webtiles) character file.

Game seed: 18121607709382745597

1191 ohad the Cleaver (level 8, -5/58 HPs)
             Began as a Formicid Fighter on Jan 31, 2019.
             Slain by an ogre
             ... wielding a +0 giant club
              (21 damage)
             ... on level 6 of the Dungeon.
             The game lasted 00:10:49 (4149 turns).

ohad the Cleaver (Formicid Fighter)                 Turns: 4149, Time: 00:10:50

Health: -5/58      AC: 14    Str: 22    XL:     8   Next: 71%
Magic:  8/8        EV:  4    Int:  9    God:
Gold:   182        SH:  9    Dex: 12    Spells: 7/7 levels left

rFire    . . .     SeeInvis +   a - +0 war axe
rCold    . . .     Gourm    .   c - +0 shield
rNeg     . . .     Faith    .   D - +0 plate armour
rPois    .         Spirit   .   (helmet unavailable)
rElec    .         Reflect  .   g - +0 cloak
rCorr    .         Harm     .   o - +0 pair of gloves
MR       .....                  e - +0 pair of boots (curse)
Stlth    ..........             (no amulet)
HPRegen  0.19/turn              j - +2 ring of intelligence
MPRegen  0.11/turn              (no ring)

@: no status effects
A: permanent stasis, dig shafts and tunnels, four strong arms, antennae 3
a: Dig, Shaft Self


You were on level 6 of the Dungeon.
You were not hungry.

You visited 2 branches of the dungeon, and saw 7 of its levels.

You collected 182 gold pieces.

Inventory:

Hand Weapons
 a - a +0 war axe (weapon)
 E - a +1 quarterstaff of crushing
 G - a +1 dagger of electrocution
Armour
 b - a +0 scale mail
 c - a +0 shield (worn)
 e - a cursed +0 pair of boots (worn)
 g - a +0 cloak (worn)
 n - a +0 cloak
 o - a +0 pair of gloves (worn)
 C - a +0 chain mail
 D - a +0 plate armour (worn)
Jewellery
 j - a +2 ring of intelligence (left hand)
Scrolls
 i - 3 scrolls of amnesia {unknown}
 m - 2 scrolls of magic mapping {unknown}
 s - a scroll of blinking {unknown}
 t - a scroll of teleportation {unknown}
 v - 2 scrolls of remove curse {unknown}
 w - 4 scrolls of identify {unknown}
 x - 2 scrolls of enchant armour {unknown}
 y - a scroll of fog {unknown}
 B - a scroll of enchant weapon {unknown}
Potions
 d - 2 potions of might
 h - 2 potions of heal wounds {unknown}
 k - 2 potions of resistance
 l - 2 potions of lignification {unknown}
 p - 3 potions of cancellation {unknown}
 q - 2 potions of haste {unknown}
 r - a potion of invisibility {unknown}
 u - 2 potions of curing
 z - a potion of agility {unknown}
 A - a potion of magic {unknown}
Comestibles
 f - 19 rations
 F - 2 chunks of flesh


   Skills:
 - Level 3.2 Fighting
 + Level 10.0 Axes
 - Level 3.2 Armour
 - Level 3.6 Shields


You had 7 spell levels left.
You didn't know any spells.
Your spell library contained the following spells:

 Spells                   Type           Power        Failure   Level  Hunger
 Infusion                 Chrm           #...         100%        1    ##.....
 Shroud of Golubria       Chrm/Tloc      #.........   100%        2    ###....
 Song of Slaying          Chrm           #.......     100%        2    ###....
 Regeneration             Chrm/Necr      #.........   100%        3    ####...
 Spectral Weapon          Hex/Chrm       #.......     100%        3    ####...


Dungeon Overview and Level Annotations

Branches:
Dungeon (6/15)             Temple (1/1) D:5

Altars:
Ashenzari
Cheibriados
Dithmenos
Elyvilon
Fedhas
Gozag
Hepliaklqana
Kikubaaqudgha
Nemelex Xobeh
Okawaru
Qazlal
Ru
Sif Muna
Trog
Uskayaw
Vehumet
Wu Jian
Xom
Yredelemnul
The Shining One


Innate Abilities, Weirdness & Mutations

You cannot be hasted, slowed, berserked, paralysed or teleported.
You can dig through walls and to a lower floor.
Your four strong arms can wield two-handed weapons with a shield.
You have a pair of large antennae on your head. (SInv)


Message History

The ogre moves out of view.
An orc wizard comes into view. It is wielding a +0 dagger.
The orc priest mumbles some strange prayers to Beogh against you.
Beogh smites you!
An orc comes into view. It is wielding a +0 hand axe.
The orc wizard shouts!
The orc shouts!
The orc throws a tomahawk.
You block the tomahawk.
An orc comes into view. It is wielding a -3 whip.
The orc wizard looks braver for a moment.
The orc priest calls down the wrath of Beogh upon you.
Beogh smites you!
The orc shouts!
The orc wizard begins to cast a cantrip, but forgets the words!
The ogre hits you with a +0 giant club.
You barely miss the ogre.
The orc priest invokes the aid of Beogh against you.
Beogh smites you!
* * * LOW HITPOINT WARNING * * *
The ogre hits you with a +0 giant club!!
You die...

.....##.#######.....#
.....##.............#
.....##......##.....#
.....+.....|........#
.....##......#......#
.......#..####......#####.
#....#.#..# #.#'#........
#.#.#.#..# #.#.#.#######
#.#.#.#..# #.#@#.# #
#.#..# ..#O#.# ##.# #..#
###Z#.# .... .......o#..
## ...#..ooo.. .#
......... .# ...#.......
.# ## #........ ##
#........#


You could see an ogre, an orc priest, an orc wizard, 2 orcs and a wyvern
skeleton.

Vanquished Creatures
  2 phantoms (D:6)
  2 ogres
  2 centaurs (D:5)
  A bullfrog (D:6)
  2 crimson imps (D:5)
  2 jellies
  2 bullfrog skeletons (D:5)
  4 hounds
  An orc wizard (D:5)
  An iguana (D:6)
  2 worker ants
  A killer bee zombie (D:6)
  An ogre zombie (D:5)
  A hound skeleton (D:5)
  A gnoll zombie (D:5)
  7 adders
  2 worms
  7 dart slugs
  4 leopard geckos
  7 orcs
  A ball python (D:4)
  9 giant cockroaches
  3 goblins
  7 hobgoblins
  2 jackals (D:1)
  8 kobolds
  2 quokkas
  6 bats
  5 frilled lizards
  2 quokka skeletons (D:4)
  5 rats
102 creatures vanquished.

Notes
Turn   | Place    | Note
-------+----------+-------------------------------------------
     0 | D:1      | ohad the Formicid Fighter began the quest for the Orb.
     0 | D:1      | Reached XP level 1. HP: 18/18 MP: 1/1
    63 | D:1      | Reached XP level 2. HP: 21/24 MP: 2/2
   159 | D:1      | Reached skill level 3 in Axes
   209 | D:1      | Reached XP level 3. HP: 27/29 MP: 3/3
   571 | D:2      | Found a stormy altar of Qazlal.
   620 | D:2      | Reached skill level 4 in Axes
   620 | D:2      | Reached XP level 4. HP: 35/35 MP: 4/4
   684 | D:2      | Found a shattered altar of Ashenzari.
   767 | D:2      | You fall through a shaft!
   861 | D:3      | Reached XP level 5. HP: 22/41 MP: 5/5
  1260 | D:3      | Reached skill level 5 in Axes
  1833 | D:4      | Reached XP level 6. HP: 41/47 MP: 6/6
  2065 | D:4      | Noticed an ogre
  2077 | D:4      | Killed an ogre
  2077 | D:4      | Reached skill level 6 in Axes
  2357 | D:5      | Entered Level 5 of the Dungeon
  2370 | D:5      | Reached XP level 7. HP: 35/52 MP: 7/7
  2589 | D:5      | Reached skill level 7 in Axes
  2604 | D:5      | Found a staircase to the Ecumenical Temple.
  2631 | Temple   | Entered the Ecumenical Temple
  2715 | D:5      | Reached skill level 8 in Axes
  2868 | D:5      | Found a transporter.
  2904 | D:5      | Reached XP level 8. HP: 47/58 MP: 8/8
  3172 | D:5      | Found a transporter.
  3199 | D:5      | Reached skill level 9 in Axes
  3495 | D:5      | Found an iron altar of Okawaru.
  3495 | D:5      | Found a deep blue altar of Sif Muna.
  4123 | D:6      | Reached skill level 10 in Axes
  4149 | D:6      | Slain by an ogre

Vault maps used:
D:1:      eino_arrival_water_cross
D:2:      cheibrodos_pilgrimage, nicolae_overflow_crystal_walls,
          grunt_qazlal_sundering, chequers_ecumenical_altar_simple
D:3:      first_ration, minmay_hedge_maze
D:5:      gammafunk_cloud_chamber, gammafunk_temple_overflow_statue,
          minmay_temple_entry_offerings
D:6:      trog_ov_bears_minmay
Temple:   nicolae_temple_x_marks_the_god

Skill      XL: |  1  2  3  4  5  6  7  8 |
---------------+-------------------------+-----
Axes           | 3 4 5 6 8 10 | 10.0
Fighting       | |  3.2
Armour         | |  3.2
Shields        | |  3.6

Action                   |  1- 3 |  4- 6 |  7- 9 || total
-------------------------+-------+-------+-------++-------
Melee: War axe           |   115 |   151 |   174 ||   440
  Use: Potion            |       |       |     1 ||     1
  Eat: Chunk             |       |     5 |     3 ||     8
       Ration            |       |       |     1 ||     1
Armor: Scale mail        |    62 |    86 |       ||   148
       Chain mail        |       |       |    67 ||    67
       Plate armour      |       |       |    26 ||    26
Dodge: Dodged            |    39 |    56 |    34 ||   129
Block: Shield            |    56 |    84 |    70 ||   210

Table legend:
 A = Non-vault XP
 B = Vault XP
 C = Vault XP percentage of total XP
 D = Non-vault monster count
 E = Vault monster count
 F = Vault count percentage of total count
                 A         B        C        D         E       F
            +---------+---------+-------+---------+---------+-------
      Total |    1662 |      40 |   2.4 |     100 |       2 |   2.0
            +---------+---------+-------+---------+---------+-------
        D:1 |      56 |       0 |   0.0 |      28 |       0 |   0.0
        D:2 |      37 |       0 |   0.0 |      12 |       0 |   0.0
        D:3 |     135 |       0 |   0.0 |      17 |       0 |   0.0
        D:4 |     217 |       0 |   0.0 |      12 |       0 |   0.0
        D:5 |     731 |      40 |   5.2 |      19 |       2 |   9.5
        D:6 |     486 |       0 |   0.0 |      12 |       0 |   0.0
            +---------+---------+-------+---------+---------+-------
